 Dungeon Crawl Stone Soup version 0.30-a0-738-g116ff8c4af (webtiles) character file.

Game seed: 12411579274767028428

2840 Leeroy the Covert (level 9, -8/42 HPs)
             Began as a Vine Stalker Warper on Feb 3, 2023.
             Was a Priest of Okawaru.
             Mangled by a small abomination (16 damage)
             ... on level 1 of the Abyss.
             The game lasted 00:09:27 (5505 turns).

Leeroy the Covert (Vine Stalker Warper)             Turns: 5505, Time: 00:09:27

Health: -8/42      AC:  4    Str: 20    XL:     9   Next: 74%
Magic:  0/16       EV: 12    Int: 13    God:    Okawaru [***...]
Gold:   420        SH:  0    Dex: 18    Spells: 7/16 levels left

rFire   + . .      SeeInvis .    n - +0 short sword (elec)
rCold   . . .      Faith    .    (no shield)
rNeg    . . .      Spirit   +    N - +1 robe {rF+}
rPois   .          Reflect  .    (no helmet)
rElec   .          Harm     .    H - +0 cloak
rCorr   .          Rampage  .    (no gloves)
Will    +....                    (no boots)
Stlth   +++++                    (no amulet)
HPRegen 1.07/turn                F - +6 ring of strength
MPRegen 0.15/turn                (no ring)

@: on blink cooldown
A: fangs 3, regeneration 1, magic shield, antimagic bite, no potion heal 2
a: Renounce Religion, Heroism


You were on level 1 of the Abyss.
You worshipped Okawaru.
Okawaru was most pleased with you.
You visited 2 branches of the dungeon, and saw 8 of its levels.
You visited the Abyss 1 time.

You collected 420 gold pieces.

Inventory:

Hand Weapons
 a - a +0 falchion
 n - a +0 short sword of electrocution (weapon)
 r - a +0 rapier
 L - a +0 long sword
 O - a +2 halberd of venom
 Q - a +0 whip of holy wrath
Missiles
 d - 7 boomerangs of dispersal
 k - 3 curare-tipped darts (quivered)
 q - 10 poisoned darts
 B - 2 boomerangs
Armour
 b - a +0 leather armour
 C - a scarf of repulsion
 H - a +0 cloak (worn)
 N - a +1 robe of fire resistance (worn)
Magical Staves
 s - a staff of earth
Jewellery
 F - a +6 ring of strength (left hand)
Wands
 y - a wand of flame (16)
 D - a wand of light (10)
 E - a wand of paralysis (3)
 J - a wand of mindburst (20)
Scrolls
 c - 2 scrolls of blinking
 f - 2 scrolls of brand weapon {unknown}
 l - 2 scrolls of poison {unknown}
 m - 10 scrolls of identify {unknown}
 o - 3 scrolls of amnesia {unknown}
 t - 3 scrolls of noise {unknown}
 u - 4 scrolls of teleportation {unknown}
 v - a scroll of acquirement {unknown}
 w - a scroll of fear {unknown}
 x - a scroll of magic mapping {unknown}
 A - a scroll of silence {unknown}
 G - 2 scrolls of enchant weapon {unknown}
 K - 2 scrolls of enchant armour {unknown}
 M - a scroll of immolation {unknown}
 P - a scroll of fog {unknown}
Potions
 e - 4 potions of curing
 g - 3 potions of heal wounds
 h - 3 potions of lignification {unknown}
 i - a potion of mutation {unknown}
 j - 2 potions of flight {unknown}
 p - 3 potions of haste {unknown}
 z - 4 potions of resistance {unknown}
 I - a potion of degeneration {unknown}


   Skills:
 - Level 1.7 Fighting
 + Level 9.2 Long Blades
 - Level 0.8 Throwing
 - Level 0.7 Armour
 - Level 1.5 Dodging
 - Level 10.0 Stealth
 - Level 4.3 Spellcasting
 - Level 3.0 Translocations


You had 7 spell levels left.
You knew the following spells:

 Your Spells              Type           Power      Damage    Failure   Level
a - Blink                 Tloc           20%        N/A       9%          2
b - Vhi's Electric Charg  Tloc/Air       12%        N/A       32%         3
c - Manifold Assault      Tloc           10%        N/A       50%         4

Your spell library contained the following spells:

 Spells                   Type           Power      Damage    Failure   Level
 Lesser Beckoning         Tloc           20%        N/A       9%          2
 Gell's Gravitas          Tloc           10%        N/A       17%         3
 Teleport Other           Tloc           10%        N/A       17%         3
 Inner Flame              Hex/Fire       2%         N/A       52%         3
 Flame Wave               Conj/Fire      2%         2d4       89%         4
 Sticky Flame             Conj/Fire      2%         2d3       89%         4
 Dispersal                Tloc           5%         N/A       100%        6


Dungeon Overview and Level Annotations

Branches:
Dungeon (7/15)             Temple (1/1) D:6

Altars:
Ashenzari
Cheibriados
Elyvilon
Fedhas
Hepliaklqana
Kikubaaqudgha
Makhleb
Nemelex Xobeh
Okawaru
Qazlal
Trog
Uskayaw
Vehumet
Wu Jian
Yredelemnul
Zin
The Shining One

Shops:
D:6 :

Annotations:
D:7 Maggie


Innate Abilities, Weirdness & Mutations

You have razor-sharp teeth.
Your natural rate of healing is unusually fast.
When hurt, damage is shared between your health and your magic reserves.
Your bite disrupts and absorbs the magic of your enemies.
Potions cannot restore your health.


Message History

Okawaru is honoured by your kill.
A shining eye comes into view.
A shining eye is nearby!
Key pressed, stopping explore.
You are suddenly pulled into a different region of the Abyss!
Key pressed, stopping explore.
A small abomination emerges from the beyond.
Okay, then.
Okay, then.
The small abomination hits you but does no damage.
You barely miss the small abomination. Your bite misses the small abomination.
The small abomination hits you!
You hit the small abomination but do no damage.
You punch the small abomination, but do no damage.
You bite the small abomination! You drain its power.
You feel invigorated.
The small abomination is moderately damaged.
The small abomination hits you!
An ufetubus comes into view.
You are too injured to fight recklessly!
You are too injured to fight recklessly!
You are too injured to fight recklessly!
You are too injured to fight recklessly!
You are too injured to fight recklessly!
The ufetubus shouts!
You hit the small abomination but do no damage.
The small abomination is moderately damaged.
The small abomination hits you!!
* * * LOW HITPOINT WARNING * * *
Casting: Vhi's Electric Charge (quite dangerous; 32% risk of failure)
Confirm with . or Enter, or press ? or * to list all spells.
You blink.
You barely miss the small abomination. Your bite misses the small abomination.
The small abomination is moderately damaged.
The small abomination hits you.
* * * LOW HITPOINT WARNING * * *
You barely miss the small abomination. Your bite misses the small abomination.
The small abomination is moderately damaged.
The ufetubus barely misses you. The ufetubus completely misses you.
The small abomination hits you!
You die...

.#. #. #..# ..#
.#. #..# . #..#
#...# ##.##.
#..##.... .#.#.
##......
#.#..##.#.#.####
#...#.#...5#...#
#.......#x@.#
##.##.ยง##...##
##.#...#.......#
#...##...#.#......
##.
.##..#.#..##..#
#....#.###..#.# ..
#####... #....# .
..### .....# ## .
. ..


You could see a small abomination and an ufetubus.

Vanquished Creatures
  A ynoxinul (Abyss:1)
  Eustachio (D:6)
  2 wyverns
  A steam dragon (D:7)
  A water moccasin (D:5)
  A black bear (D:5)
  2 ice beasts
  2 orc warriors
  A sky beast (D:6)
  An ogre (D:6)
  A centaur (D:7)
  A bullfrog (D:7)
  A gnoll sergeant (D:7)
  2 necrophages
  3 scorpions
  2 howler monkeys (D:5)
  3 jellies
  3 hounds
  2 orc priests
  6 iguanas
  5 orc wizards
  6 gnolls
  8 adders
  A shadow imp (D:5)
  An ufetubus (D:5)
  3 worms
  3 dart slugs
  27 orcs
  4 endoplasms
  11 giant cockroaches
  9 goblins
  5 hobgoblins
  8 jackals
  7 quokkas
  5 ball pythons
  4 bats
  7 frilled lizards
  8 kobolds
  4 rats
163 creatures vanquished.

Vanquished Creatures (others)
  2 fungi (D:6)
2 creatures vanquished.

Grand Total: 165 creatures vanquished

Notes
Turn   | Place    | Note
-------+----------+-------------------------------------------
     0 | D:1      | Leeroy the Vine Stalker Warper began the quest for the Orb.
     0 | D:1      | Reached XP level 1. HP: 11/11 MP: 4/4
   111 | D:1      | Reached XP level 2. HP: 10/15 MP: 3/6
   436 | D:1      | Reached XP level 3. HP: 15/18 MP: 4/7
   551 | D:1      | Reached skill level 1 in Stealth
   741 | D:2      | Reached skill level 2 in Stealth
  1332 | D:3      | Gained mutation: Your natural rate of healing is unusually
                  | fast. [Vine Stalker growth]
  1332 | D:3      | Reached XP level 4. HP: 23/23 MP: 8/8
  1355 | D:3      | Found a faded altar of an unknown god.
  1391 | D:3      | Reached skill level 3 in Stealth
  1544 | D:3      | Found a large runed translucent door.
  1545 | D:3      | Found a large runed translucent door.
  1623 | D:3      | Reached skill level 4 in Stealth
  1643 | D:3      | Learned a level 2 spell: Blink
  1647 | D:3      | Learned a level 3 spell: Vhi's Electric Charge
  1670 | D:3      | Reached XP level 5. HP: 23/26 MP: 7/9
  1874 | D:3      | Reached skill level 5 in Stealth
  1995 | D:3      | Found an iron altar of Okawaru.
  2012 | D:3      | Found a glowing golden altar of the Shining One.
  2032 | D:3      | Became a worshipper of Warmaster Okawaru
  2324 | D:4      | Reached skill level 6 in Stealth
  2384 | D:4      | Noticed a wyvern
  2387 | D:4      | Reached XP level 6. HP: 30/30 MP: 10/10
  2397 | D:4      | Killed a wyvern
  2398 | D:4      | Reached skill level 7 in Stealth
  2543 | D:4      | Reached * piety under Okawaru
  2544 | D:4      | Reached skill level 8 in Stealth
  2752 | D:4      | Reached XP level 7. HP: 27/34 MP: 8/11
  2886 | D:4      | Learned a level 4 spell: Manifold Assault
  3025 | D:5      | Entered Level 5 of the Dungeon
  3314 | D:5      | Reached skill level 9 in Stealth
  3351 | D:5      | Reached skill level 10 in Stealth
  3443 | D:5      | Reached ** piety under Okawaru
  3519 | D:5      | Gained mutation: You have razor-sharp teeth. [Vine Stalker
                  | growth]
  3519 | D:5      | Reached XP level 8. HP: 38/38 MP: 13/13
  3907 | D:5      | Noticed a wraith
  3971 | D:6      | Reached skill level 5 in Long Blades
  4010 | D:6      | Found a staircase to the Ecumenical Temple.
  4039 | Temple   | Entered the Ecumenical Temple
  4092 | D:6      | Reached *** piety under Okawaru
  4096 | D:6      | Found an ancient bone altar of Kikubaaqudgha.
  4498 | D:6      | Reached XP level 9. HP: 42/42 MP: 16/16
  4641 | D:6      | Noticed Eustachio
  4648 | D:6      | Killed Eustachio
  4658 | D:6      | Found Enanymn's Vocational Training.
  4811 | D:7      | Found a radiant altar of Vehumet.
  4811 | D:7      | Found a bloodstained altar of Trog.
  4965 | D:7      | Reached **** piety under Okawaru
  5082 | D:7      | HP: 2/42 [gnoll sergeant/+0 spear (6)]
  5246 | D:7      | Noticed Maggie
  5269 | Abyss:1  | Cast into level 1 of the Abyss (Maggie)
  5393 | Abyss:1  | Noticed a shining eye
  5505 | Abyss:1  | Mangled by a small abomination

Illustrated notes

Levels and vault maps discovered:
D:1:      lightli_arrival_statue_moat, layout_rooms, minmay_misc_feat_tower,
          interstate_on_off
D:2:      layout_basic, minmay_hexomino_p4
D:3:      layout_basic, jmf_multi_god_temple2,
          hellmonk_ecumenical_altar_heavens_door
D:4:      minmay_razor_zed, layout_cave_pools, minmay_close_crescents
D:5:      minmay_bubble_buster, layout_loops_corners
D:6:      layout_basic, mainiacjoe_overflow_cross_hatched,
          minmay_temple_entry_glass, minmay_misc_feat_columns, st_stairs_3,
          nicolae_shop_vocational, uniq_eustachio
D:7:      layout_basic, chequers_temple_overflow_statue_of_worship,
          bh_walls_and_bars, uniq_maggie
Temple:   hellmonk_temple_two_chambers
Abyss:1:  base: D:1, spicy_abyss_pitcher_plant

Skill      XL: |  1  2  3  4  5  6  7  8  9 |
---------------+----------------------------+-----
Long Blades    | 2 3 6 9 |  9.2
Stealth        | 2 4 6 8 10 | 10.0
Spellcasting   | 4 |  4.3
Fighting       | |  1.7
Throwing       | |  0.8
Armour         | |  0.7
Dodging        | |  1.5
Translocations | |  3.0

Action                     |  1- 3 |  4- 6 |  7- 9 || total
---------------------------+-------+-------+-------++-------
  Melee: Falchion          |    96 |       |       ||    96
         Bite              |    24 |    36 |    85 ||   145
         Short sword       |    29 |   129 |   263 ||   421
         Punch             |     1 |     1 |     3 ||     5
  Throw: Dart              |       |       |     2 ||     2
   Cast: Blink             |       |       |     1 ||     1
         Vhi's Electric Ch |       |       |     1 ||     1
 Invoke: Heroism           |       |       |     3 ||     3
  Evoke: Wand              |       |     1 |     1 ||     2
    Use: Potion            |       |       |     2 ||     2
         Scroll            |       |       |     1 ||     1
   Stab: Sleeping          |     2 |     6 |    19 ||    27
         Invisible         |       |     2 |     2 ||     4
         Distracted        |       |       |     1 ||     1
 Armour: Leather armour    |    66 |    16 |    20 ||   102
         Robe              |       |       |    17 ||    17
  Dodge: Dodged            |   137 |    70 |   125 ||   332

Table legend: (Time is in decaauts)
 A = Elapsed time spent in this place.
 B = Non-inter-level travel time spent in this place.
 C = Inter-level travel time spent in this place.
 D = Time resting spent in this place.
 E = Time spent auto-exploring this place.
 F = Levels seen in this place.
 G = Mean time per level.
                   A        B        C        D        E       F      G
               +--------+--------+--------+--------+--------+-----+--------+
         Total |   5449 |   5224 |    225 |    350 |   3519 |   9 |  605.4 |
       Dungeon |   5197 |   4972 |    225 |    350 |   3319 |   7 |  742.4 |
        Temple |     20 |     20 |      0 |      0 |     10 |   1 |   20.0 |
         Abyss |    232 |    232 |      0 |      0 |    190 |   1 |  232.0 |
               +--------+--------+--------+--------+--------+-----+--------+

Top non-repeatable levels by time:
     D:5: 1051 daAuts
     D:4: 958 daAuts
     D:6: 729 daAuts
     D:3: 726 daAuts
     D:2: 693 daAuts
     D:1: 645 daAuts
     D:7: 392 daAuts
 Abyss:1: 232 daAuts
  Temple: 20 daAuts
